AoeStats
← YuriPsychoControl

Highland

506679044Analyzed
4v4 RM · 18d ago on Sep 14, 2026· 47m 27s· 8 players
Game mode
Random Map
Map size
Large (8 player)
Population
200
Speed
Normal
Resources
Standard
Victory
Conquest
Starting age
Dark Age
Ending age
Imperial Age
RankedLock teamsTeams togetherTeam positionsShared explorationLock speedFull tech treeHidden civsTurbo modeCheats
Victory
Defeat
🇺🇸 Vietnamese · United States
987
+14
🇬🇧 Persians · United Kingdom
978
+14
🇬🇧 Burgundians · United Kingdom
890
+18
🇨🇱 Tatars · Chile
877
+18
🇦🇹 Ethiopians · Austria
951
-17
🇬🇧 Turks · United Kingdom
947
-17
🇹🇷 Khmer · Türkiye
926
-16
🇨🇳 Aztecs · China
887
-14
DOLAREX
12:06 Feudal Age
10:40 Loom
12:47 Double-Bit Axe
12:54 Gold Mining
12:45 Horse Collar
19:51 Castle Age
19:32 Wheelbarrow
20:27 Bloodlines
20:39 Heavy Plow
20:32 Stone Mining
21:08 Bow Saw
21:58 Gold Shaft Mining
24:15 Town Watch
25:19 Hand Cart
26:05 Padded Archer Armor
27:11 Husbandry
27:45 Ballistics
30:24 Town Patrol
34:06 Imperial Age
31:37 Fishing Lines
32:55 Caravan
35:08 Heavy Scorpion
36:52 Chemistry
35:35 Elite Battle Elephant
39:31 Murder Holes
44:07 Double Crossbow
Mattbearman1198
5:25 Loom
11:38 Feudal Age
16:11 Double-Bit Axe
20:34 Castle Age
18:19 Horse Collar
20:25 Forging
20:42 Bloodlines
26:04 Wheelbarrow
26:27 Iron Casting
28:36 Scale Barding Armor
37:22 Imperial Age
35:44 Fletching
35:55 Padded Archer Armor
36:00 Stone Mining
36:02 Gold Mining
36:12 Treadmill Crane
37:09 Hand Cart
37:13 Town Watch
38:34 Conscription
39:09 Fortified Wall
40:39 Gold Shaft Mining
41:21 Bow Saw
42:28 Town Patrol
42:53 Ballistics
42:43 Thumb Ring
44:06 Bombard Tower
44:36 Elite Janissary
45:39 Heavy Plow
45:39 Bodkin Arrow
[AUT] Sniper
12:28 Feudal Age
18:59 Castle Age
17:46 Double-Bit Axe
22:18 Bow Saw
21:52 Horse Collar
23:19 Stone Mining
24:48 Gold Mining
27:00 Wheelbarrow
31:38 Imperial Age
29:36 Heavy Plow
30:32 Gold Shaft Mining
30:10 Crossbowman
30:47 Fletching
31:40 Thumb Ring
33:20 Chemistry
31:59 Arbalester
32:43 Padded Archer Armor
33:08 Conscription
33:38 Ballistics
33:54 Hand Cart
34:22 Elite Shotel Warrior
35:29 Scale Mail Armor
35:45 Bodkin Arrow
36:15 Halberdier
36:55 Squires
36:41 Arson
37:02 Bracer
39:11 Leather Archer Armor
39:12 Chain Mail Armor
39:42 Elite Skirmisher
40:31 Light Cavalry
42:56 Ring Archer Armor
45:11 Caravan
YuriPsychoControl
9:44 Feudal Age
14:47 Castle Age
12:46 Horse Collar
14:41 Double-Bit Axe
18:32 Squires
18:58 Eagle Warrior
20:03 Heavy Plow
20:56 Scale Mail Armor
22:16 Wheelbarrow
21:29 Loom
22:00 Squires
23:28 Chain Mail Armor
25:05 Forging
25:30 Stone Mining
28:09 Iron Casting
27:51 Bow Saw
32:49 Gold Mining
35:30 Imperial Age
33:28 Pikeman
36:47 Gold Shaft Mining
37:16 Garland Wars
37:32 Plate Mail Armor
39:19 Elite Eagle Warrior
41:44 Blast Furnace
42:07 Fletching
42:18 Padded Archer Armor
42:24 Atlatl
43:07 Bodkin Arrow
42:46 Elite Skirmisher
44:59 Bracer
45:16 Leather Archer Armor
47:01 Elite Jaguar Warrior
Jinx
5:01 Loom
12:22 Feudal Age
13:41 Wheelbarrow
12:55 Double-Bit Axe
18:46 Castle Age
17:11 Stone Mining
18:31 Horse Collar
19:40 Heavy Plow
20:10 Fletching
23:36 Bow Saw
25:23 Hand Cart
27:40 Gold Mining
32:15 Imperial Age
29:47 Arson
30:28 Ballistics
29:37 Elite Skirmisher
30:47 Town Watch
30:41 Pikeman
31:24 Bodkin Arrow
31:29 Padded Archer Armor
31:42 Forging
31:33 Scale Mail Armor
33:17 Siege Engineers
34:13 Chemistry
33:17 Bracer
34:23 Crop Rotation
34:30 Paper Money
35:33 Two-Man Saw
35:19 Thumb Ring
34:54 Imperial Skirmisher
36:40 Leather Archer Armor
36:41 Chain Mail Armor
37:19 Squires
38:02 Stone Shaft Mining
38:00 Ring Archer Armor
38:24 Hoardings
37:49 Murder Holes
38:10 Halberdier
39:20 Town Patrol
39:54 Plate Mail Armor
43:10 Elite Rattan Archer
45:56 Guilds
misaltamonteschiquitin
10:56 Feudal Age
12:05 Wheelbarrow
11:19 Double-Bit Axe
12:20 Bow Saw
13:38 Gold Mining
15:50 Gold Shaft Mining
17:27 Castle Age
15:25 Horse Collar
16:55 Fishing Lines
19:01 Town Watch
19:23 Gillnets
19:43 Stone Mining
21:12 Scale Mail Armor
21:04 Loom
24:23 Medium Warships
25:04 Hand Cart
26:20 Stone Shaft Mining
26:44 Forging
27:34 Squires
33:51 Fletching
37:02 Pikeman
38:51 Heavy Plow
42:27 Imperial Age
40:49 Crop Rotation
43:56 Burgundian Vineyards
44:16 Halberdier
45:23 Chain Mail Armor
46:17 Chemistry
44:59 Treadmill Crane
46:12 Elite Coustillier
47:32 Ballistics
K
11:11 Feudal Age
14:47 Castle Age
14:06 Double-Bit Axe
14:04 Horse Collar
18:56 Loom
21:58 Bow Saw
23:05 Wheelbarrow
22:32 Heavy Plow
23:24 Gold Mining
23:28 Stone Mining
25:09 Fletching
25:13 Town Watch
27:44 Forging
28:41 Gold Shaft Mining
28:23 Hand Cart
29:08 Hand Cart
30:35 Stone Shaft Mining
31:57 Iron Casting
31:27 Scale Barding Armor
34:16 Imperial Age
31:35 Light Cavalry
32:18 Husbandry
32:28 Bloodlines
35:57 Elite War Elephant
36:58 Conscription
37:57 Blast Furnace
37:17 Chain Barding Armor
40:16 Bodkin Arrow
45:19 Caravan
46:10 Plate Barding Armor
46:53 Two-Man Saw
46:25 Crop Rotation
46:03 Padded Archer Armor
46:05 Squires
45:51 Gambesons
45:26 Pikeman
DEMBOW
9:53 Feudal Age
11:13 Wheelbarrow
10:25 Double-Bit Axe
18:58 Castle Age
17:42 Gold Mining
17:35 Horse Collar
20:07 Hand Cart
22:12 Bow Saw
22:17 Fletching
26:23 Ballistics
26:30 Bodkin Arrow
29:17 Heavy Plow
29:48 Bloodlines
29:39 Husbandry
29:46 Husbandry
32:21 Padded Archer Armor
35:28 Imperial Age
34:08 Gold Shaft Mining
33:27 Stone Mining
34:27 Caravan
36:10 Heavy Cavalry Archer
38:30 Chemistry
39:07 Conscription
39:43 Bracer
39:58 Leather Archer Armor
39:49 Scale Barding Armor
39:55 Forging
40:54 Silk Armor
41:26 Elite Steppe Lancer
47:07 Iron Casting
46:52 Chain Barding Armor
Connection lost

Rejoining the realm…

Still unreachable

The connection could not be restored.

Session expired

The server has moved on; the page needs a fresh start.